 Dungeon Crawl Stone Soup version 0.26-a0-631-ged93497179 (webtiles) character file.

Game seed: 16400307370346380453

33 DogServant the Digger (level 3, -3/20 HPs)
             Began as a Gargoyle Earth Elementalist on Sept 12, 2020.
             Shot with an arrow by a centaur (9 damage)
             ... on level 2 of the Dungeon.
             The game lasted 00:03:29 (1350 turns).

DogServant the Digger (Gargoyle Earth Elementalist) Turns: 1350, Time: 00:03:30

Health: -3/20      AC:  6    Str: 11    XL:     3   Next: 29%
Magic:  6/6        EV: 12    Int: 16    God:
Gold:   56         SH:  5    Dex: 10    Spells: 5/6 levels left

rFire    . . .     SeeInvis .   a - +0 club
rCold    . . .     Faith    .   (no shield)
rNeg     + . .     Spirit   .   c - +1 robe
rPois    ∞         Reflect  +   (no helmet)
rElec    +         Harm     .   (no cloak)
rCorr    .         Rampage  .   (no gloves)
MR       .....                  (no boots)
Stlth    ++........             d - amulet of reflection
HPRegen  0.06/turn              (no ring)
MPRegen  0.10/turn              (no ring)

@: no status effects
A: negative energy resistance 1, electricity resistance, unbreathing,
petrification resistance, rot immunity, AC +3
a: no special abilities


You were on level 2 of the Dungeon.
You visited 1 branch of the dungeon, and saw 2 of its levels.

You collected 56 gold pieces.

Inventory:

Hand Weapons
 a - a +0 club (weapon)
Missiles
 b - 58 stones (quivered)
Armour
 c - a +1 robe (worn)
Jewellery
 d - an amulet of reflection (around neck)
Scrolls
 k - 2 scrolls of magic mapping {unknown}
 m - a scroll of teleportation {unknown}
Potions
 f - a potion of magic {unknown}
 g - a potion of berserk rage {unknown}
 h - 2 potions of mutation {unknown}
 l - a potion of degeneration {unknown}


   Skills:
 + Level 1.1 Fighting
 - Level 1.6 Dodging
 - Level 2.2 Stealth
 + Level 2.4 Spellcasting
   Level 0.7 Transmutations
 + Level 4.3 Earth Magic


You had 5 spell levels left.
You knew the following spells:

 Your Spells              Type           Power        Failure   Level
a - Sandblast             Erth           ###...       3%          1

Your spell library contained the following spells:

 Spells                   Type           Power        Failure   Level
 Passwall                 Tmut/Erth      ##......     11%         2
 Stone Arrow              Conj/Erth      #.....       24%         3
 Petrify                  Tmut/Erth      ##......     56%         4
 Lee's Rapid Deconstruct  Erth           ###.......   67%         5


Dungeon Overview and Level Annotations

Branches:
Dungeon (2/15)

Altars:


Innate Abilities, Weirdness & Mutations

You are resistant to torment.
Your stone body is resilient. (AC +3)
You are immune to poison.
You resist negative energy. (rN+)
You are resistant to electric shocks. (rElec)
You can survive without breathing.
You are immune to petrification.
You are immune to rotting.


Message History

The centaur shoots an arrow.
You reflect the arrow off an invisible shield around you!
The arrow hits the centaur!
The centaur shoots an arrow.
The arrow closely misses you.
The centaur shoots an arrow.
The arrow closely misses you.
You see here 2 arrows.
The centaur shoots an arrow.
You reflect the arrow off an invisible shield around you!
The arrow hits the centaur!
You see here 2 arrows.
The centaur shoots an arrow.
The arrow hits you!
You see here an arrow.
The centaur shoots an arrow.
The arrow completely misses you.
You see here 2 arrows.
You barely miss the leopard gecko.
The centaur shoots an arrow.
The arrow hits you!
* * * LOW HITPOINT WARNING * * *
The leopard gecko barely misses you.
The centaur shoots an arrow.
The arrow hits you!
You die...

##........†.....####..
#.##.#.....##.##
#.##.#.....##.# #)
#....<.....#
######.##§###...#..#
......§)§§....##...#
#.#######§§###.##..##
.. #..###.##..#
#.#.#####§@...†....#
#........l..#####..#
#..8.(c.(8..# #..#
#...(.......# #..#
#...........# #.##
#...........# #.#
##...>........ ...
#............. ..
#.8..(..8..##.#


You could see a centaur and a leopard gecko.

Vanquished Creatures
  2 oozes (D:1)
  2 dart slugs
  3 bats
  A giant cockroach (D:2)
  A goblin (D:1)
  4 hobgoblins
  A ball python (D:2)
  A frilled lizard (D:1)
  2 kobolds
  4 rats
21 creatures vanquished.

Vanquished Creatures (others)
  A bat (D:1)
  A kobold (D:1)
2 creatures vanquished.

Grand Total: 23 creatures vanquished

Notes
Turn   | Place    | Note
-------+----------+-------------------------------------------
     0 | D:1      | DogServant the Gargoyle Earth Elementalist began the quest
                  | for the Orb.
     0 | D:1      | Reached XP level 1. HP: 10/10 MP: 3/3
    86 | D:1      | Reached skill level 4 in Earth Magic
    86 | D:1      | Reached XP level 2. HP: 15/15 MP: 1/5
   837 | D:1      | Reached skill level 1 in Fighting
   837 | D:1      | Reached XP level 3. HP: 15/20 MP: 4/6
  1328 | D:2      | Noticed a centaur
  1350 | D:2      | Shot with an arrow by a centaur

Illustrated notes

Levels and vault maps discovered:
D:1:      dpeg_arrival_signposts, layout_rooms, serial_glass, glass_columns_a,
          glass_columns_a, columned_hall_lemuel, lemuel_flame_loot_1
D:2:      layout_loops_ring, st_stairs_1, uniq_sigmund

Skill      XL: |  1  2 |
---------------+-------+-----
Earth Magic    | 4 |  4.3
Fighting       | 1 |  1.1
Dodging        | |  1.6
Stealth        | |  2.2
Spellcasting   | |  2.4
Transmutations | |  0.7

Action                   || total
-------------------------++-------
Melee: Unarmed           ||     1
       Club              ||    26
 Cast: Sandblast         ||    15
  Use: Scroll            ||     3
 Stab: Sleeping          ||     1
Armor: Robe              ||    10
Dodge: Dodged            ||    24
Block: Other             ||     2
       Reflection        ||     2

Table legend: (Time is in decaauts)
 A = Elapsed time spent in this place.
 B = Non-inter-level travel time spent in this place.
 C = Inter-level travel time spent in this place.
 D = Time resting spent in this place.
 E = Time spent auto-exploring this place.
 F = Levels seen in this place.
 G = Mean time per level.
                   A        B        C        D        E       F      G
               +--------+--------+--------+--------+--------+-----+--------+
         Total |   1357 |   1271 |     86 |     46 |   1023 |   2 |  678.5 |
       Dungeon |   1357 |   1271 |     86 |     46 |   1023 |   2 |  678.5 |
               +--------+--------+--------+--------+--------+-----+--------+

Top non-repeatable levels by time:
     D:1: 1150 daAuts
     D:2: 207 daAuts
